 Dungeon Sprint DCSS version 0.30-a0-852-g08b95dd62f (webtiles) character file.

Game seed: 2344533210603776721

648 dialectric the Martial Artist (level 7, -1/50 HPs)
             Began as an Octopode Transmuter on Mar 5, 2023.
             Slain by a wyvern (14 damage)
             ... in the Dungeon (Sprint II: "The Violet Keep of Menkaure").
             The game lasted 00:00:32 (79 turns).

dialectric the Martial Artist (Octopode Transmuter)   Turns: 79, Time: 00:00:32

Health: -1/50      AC:  1    Str: 10    XL:     7   Next: 53%
Magic:  11/14      EV: 15    Int: 13    God:
Gold:   486        SH:  0    Dex: 12    Spells: 15/16 levels left

rFire   . . .      SeeInvis .      - Unarmed
rCold   . . .      Faith    .    (no shield)
rNeg    . . .      Spirit   .    (helmet currently unavailable)
rPois   .          Reflect  .    (no amulet)
rElec   .          Rampage  .    (no ring)
rCorr   .          NoTele   +    (no ring)
Will    .....                    (no ring)
Stlth   ++                       (no ring)
HPRegen 0.28/turn                (no ring)
MPRegen 0.14/turn                (no ring)
                                 (no ring)
                                 (no ring)

@: appendages
A: tentacle spike 3, almost no armour, amphibious, 8 rings, camouflage 1,
gelatinous body 1, (nimble swimmer 1), tentacles, clumsy 1, dopey 1
a: End Transformation


You were in the Dungeon.
One of your tentacles had grown a beastly spike.
You visited 1 branch You collected 486 gold pieces.

Inventory:

Scrolls
 g - a scroll of blinking
Potions
 a - a potion of lignification
 b - a potion of curing
 c - a potion of heal wounds
 d - a potion of haste
 e - 2 potions of magic


   Skills:
 * Level 5.2 Fighting
 + Level 6.2 Dodging
 + Level 0.3 Stealth
 + Level 12.2 Unarmed Combat
 - Level 5.1 Spellcasting
 - Level 5.0 Transmutations


You had 15 spell levels left.
You knew the following spells:

 Your Spells              Type           Power      Damage    Failure   Level
a - Beastly Appendage     Tmut           32%        N/A       2%          1

Your spell library contained the following spells:

 Spells                   Type           Power      Damage    Failure   Level
 Wereblood                Tmut           16%        N/A       3%          2
 Spider Form              Tmut/Pois      9%         N/A       21%         3
 Ice Form                 Ice/Tmut       9%         N/A       54%         4


Dungeon Overview and Level Annotations

Branches:
Dungeon (1/1)

Altars:


Innate Abilities, Weirdness & Mutations

One of your tentacles has grown a beastly spike.
You cannot wear most types of armour.
You are amphibious.
You can wear up to eight rings at the same time.
Your skin changes colour to match your surroundings (Stealth+).
Your rubbery body absorbs attacks. (AC +1, EV +1)
((You are camouflaged when in or above water. (Stealth+)))
You have tentacles for arms and can constrict up to eight enemies at once.
You are clumsy. (Dex -2)
You are dopey. (Int -2)


Message History

The wyvern closely misses you.
You tentacle-slap the wyvern.
The wyvern is lightly wounded.
The wyvern closely misses you.
You closely miss the wyvern. You tentacle-slap the wyvern.
Your squeeze misses the wyvern.
The wyvern is moderately wounded.
The wyvern bites you!!
Casting: Beastly Appendage (safe; 2% risk of failure)
Confirm with . or Enter, or press ? or * to list all spells.
One of your tentacles grows a vicious spike.
The wyvern closely misses you. x2
You tentacle-slap the wyvern.
The wyvern is heavily wounded.
The wyvern completely misses you.
You tentacle-slap the wyvern.
You pierce the wyvern, but do no damage.
The wyvern is severely wounded.
The wyvern closely misses you.
You tentacle-slap the wyvern but do no damage.
You pierce the wyvern.
You squeeze the wyvern.
The wyvern is almost dead.
The wyvern misses you.
You bludgeon the wyvern!
You kill the wyvern!
Your Fighting skill increases to level 5!
Your Dodging skill increases to level 6!
Your Unarmed Combat skill increases to level 12!
The wyvern hisses angrily.
The wyvern bites you.
There is an open door here.
You closely miss the wyvern. The wyvern misses you.
You bludgeon the wyvern!
You pierce the wyvern.
The wyvern is severely wounded.
The wyvern bites you!!
* * * LOW HITPOINT WARNING * * *
You barely miss the wyvern.
Your tentacle spike misses the wyvern.
The wyvern is severely wounded.
The wyvern bites you!
You die...

+# ## #.##
#.###.# ##
#l#.## #
#.###@## .##
#..##.##B.$#
#.'.<.+#
#.##.##.B.#
#.###†# .##
####.#.# #
#..##.#
##..### ##+#


You could see a wyvern.

Vanquished Creatures
  A wyvern (D)
  4 neqoxecs (D)
  3 worms (D)
8 creatures vanquished.

Vanquished Creatures (others)
  Menkaure (D)
1 creature vanquished.

Grand Total: 9 creatures vanquished

Notes
Turn   | Place    | Note
-------+----------+-------------------------------------------
     0 | D        | dialectric the Octopode Transmuter began the quest for the
                  | Orb.
     0 | D        | Reached XP level 1. HP: 13/13 MP: 3/3
     2 | D        | Noticed a neqoxec
     2 | D        | Noticed a neqoxec
     2 | D        | Noticed a neqoxec
     2 | D        | Noticed a neqoxec
     5 | D        | Gained mutation: You are dopey. (Int -2) [a neqoxec]
     7 | D        | Killed a neqoxec
     8 | D        | Reached skill level 7 in Unarmed Combat
     8 | D        | Reached XP level 2. HP: 18/18 MP: 2/7
     8 | D        | Reached XP level 3. HP: 23/23 MP: 2/8
     8 | D        | Reached XP level 4. HP: 28/28 MP: 2/10
     8 | D        | Reached XP level 5. HP: 33/33 MP: 2/11
     9 | D        | Killed a neqoxec
    10 | D        | Reached skill level 9 in Unarmed Combat
    10 | D        | Reached skill level 5 in Spellcasting
    10 | D        | Reached skill level 5 in Transmutations
    10 | D        | Reached XP level 6. HP: 38/38 MP: 2/13
    10 | D        | Gained mutation: You are clumsy. (Dex -2) [a neqoxec]
    12 | D        | Killed a neqoxec
    13 | D        | Reached skill level 5 in Dodging
    13 | D        | Reached skill level 10 in Unarmed Combat
    16 | D        | Killed a neqoxec
    17 | D        | Reached skill level 11 in Unarmed Combat
    17 | D        | Reached XP level 7. HP: 48/48 MP: 3/14
    40 | D        | Noticed a boulder beetle
    40 | D        | Noticed a boulder beetle
    61 | D        | Killed Menkaure
    63 | D        | Noticed a wyvern
    63 | D        | Noticed a wyvern
    73 | D        | Killed a wyvern
    74 | D        | Reached skill level 5 in Fighting
    74 | D        | Reached skill level 12 in Unarmed Combat
    79 | D        | Slain by a wyvern

Illustrated notes

Levels and vault maps discovered:
D:        the_violet_keep_of_menkaure [sprint2_stairs_cluster_1,
          sprint2_shoproom, sprint2_temple, sprint2_basic_supplies,
          sprint2_obstacle_4, sprint2_obstacle_6, sprint2_obstacle_1,
          sprint2_obstacle_5, sprint2_obstacle_3, sprint2_timed_cluster_1,
          sprint2_smallroom_cluster_1, sprint2_smallroom_final_cluster_1,
          sprint2_transparent_cluster_1, sprint2_second_timed_cluster_1,
          sprint2_sniper_area_1, sprint2_heavy_combat_area_1,
          sprint2_mutation_trap_area_1, sprint2_forest_area_1,
          sprint2_light_combat_area_1, sprint2_behind_water_1,
          sprint2_near_end_vault_1]

Skill      XL: |  1  2  3  4  5  6  7 |
---------------+----------------------+-----
Dodging        | 4 5 6 |  6.2
Unarmed Combat | 7 9 11 12 | 12.2
Spellcasting   | 4 5 |  5.1
Transmutations | 4 5 |  5.0
Fighting       | 4 5 |  5.2
Stealth        | |  0.3

Action                     |  1- 3 |  4- 6 |  7- 9 || total
---------------------------+-------+-------+-------++-------
  Melee: Unarmed           |     4 |     8 |    16 ||    28
         Constrict         |     1 |     3 |     3 ||     7
         Kick              |     1 |     3 |     3 ||     7
         Tentacles         |     1 |     1 |     1 ||     3
         Punch             |       |     1 |     3 ||     4
   Cast: Beastly Appendage |     1 |       |     1 ||     2
    Use: Potion            |     1 |       |       ||     1
   Stab: Sleeping          |       |       |     1 ||     1
  Dodge: Dodged            |     1 |     1 |     9 ||    11

Table legend: (Time is in decaauts)
 A = Elapsed time spent in this place.
 B = Non-inter-level travel time spent in this place.
 C = Inter-level travel time spent in this place.
 D = Time resting spent in this place.
 E = Time spent auto-exploring this place.
 F = Levels seen in this place.
 G = Mean time per level.
                   A        B        C        D        E       F      G
               +--------+--------+--------+--------+--------+-----+--------+
         Total |     81 |     81 |      0 |     24 |      0 |   1 |   81.0 |
       Dungeon |     81 |     81 |      0 |     24 |      0 |   1 |   81.0 |
               +--------+--------+--------+--------+--------+-----+--------+

Top non-repeatable levels by time:
       D: 81 daAuts
